 Dungeon Crawl Stone Soup version 0.13.0-26-gf7ffa3a (webtiles) character file.

187 Lilouch the Firebug (level 4, -1/24 HPs)
             Began as a Deep Elf Fire Elementalist on Nov 1, 2013.
             Slain by Grinder (5 damage)
             ... while paralysed by Grinder
             ... on Level 3 of the Dungeon.
             The game lasted 00:15:22 (2168 turns).

Lilouch the Firebug (Deep Elf Fire Elementalist)    Turns: 2168, Time: 00:15:22

HP  -1/24        AC  5     Str  5      XL: 4   Next:  9%
MP   7/12        EV  2     Int 27      God:
Gold 113         SH  0     Dex 15      Spells:  1 memorised,  6 levels left

Res.Fire  : . . .   See Invis. : .   p - +0 whip
Res.Cold  : . . .   Warding    : .   u - +0 robe (curse)
Life Prot.: . . .   Conserve   : .   o - +1 dwarf buckler
Res.Poison: .       Res.Corr.  : .   l - +2 wizard hat {Int+3}
Res.Elec. : .       Clarity    : .   (no cloak)
Sust.Abil.: . .     Spirit.Shd : .   (no gloves)
Res.Mut.  : .       Stasis     : .   e - +0 pair of boots
Res.Rott. : .       Flight     : .   (no amulet)
Saprovore : . . .                    (no ring)
                                     y - +3 ring of intelligence

@: paralysed, slightly resistant to hostile enchantments, fairly stealthy
A: no striking features
a: no special abilities


You were on level 3 of the Dungeon.
You were hungry.

You visited 1 branch of the dungeon, and saw 3 of its levels.

You collected 93 gold pieces.

Inventory:

Hand weapons
 p - a +0,+0 whip (weapon)
Armour
 d - a +0 ring mail
 e - a +0 pair of boots (worn)
 l - a +2 wizard hat of intelligence (worn)
 o - a +1 dwarven buckler (worn)
 r - a +0 orcish leather armour
 u - a cursed +0 robe (worn)
Comestibles
 c - 6 bread rations
 n - an apple
 w - a rotting chunk of bat flesh
 z - a chunk of ball python flesh
Scrolls
 g - a scroll of teleportation {unknown}
 j - a scroll of enchant armour {unknown}
 m - a scroll of blinking {unknown}
 q - a scroll of fear {unknown}
 s - a scroll of recharging {unknown}
 v - a scroll of random uselessness {unknown}
Jewellery
 y - a +3 ring of intelligence (left hand)
Potions
 f - 2 potions of heal wounds {unknown}
 h - 6 potions of curing {unknown}
 i - a potion of brilliance {unknown}
 k - 2 potions of magic {unknown}
 t - 2 potions of invisibility {unknown}
 x - a potion of might {unknown}
Books
 b - a book of Flames

   Spells                             Type                      Level
   *Flame Tongue                      Conjuration/Fire             1
   Throw Flame                        Conjuration/Fire             2
   Conjure Flame                      Conjuration/Fire             3
   Inner Flame                        Hexes/Fire                   3
   Sticky Flame                       Conjuration/Fire             4
   Fireball                           Conjuration/Fire             5


   Skills:
 + Level 1.1 Armour
 - Level 2.4 Dodging
 - Level 2.4 Stealth
 + Level 2.2 Spellcasting
 + Level 2.4 Conjurations
 * Level 4.2 Fire Magic


You had 6 spell levels left.
You knew the following spells:

 Your Spells              Type           Power        Failure   Level  Hunger
a - Flame Tongue          Conj/Fire      ###..        3%          1    None


Dungeon Overview and Level Annotations

Branches:
Dungeon (3/27)

Altars:

Annotations:
D:3 Grinder


Message History

Press: ? - help, Shift-Dir - straight line, f/p - Grinder
Aim: Grinder (heavily wounded)
You throw a javelin. The javelin hits Grinder.
Grinder is heavily wounded.
Throwing (i - inventory):
A - an orcish spear (quivered)
Press: ? - help, Shift-Dir - straight line, f/p - Grinder
Aim: Grinder (heavily wounded)
You throw an orcish spear. The orcish spear hits Grinder.
Grinder is heavily wounded.
Grinder gestures at you. You resist. Grinder gestures at you.
You suddenly lose the ability to move!
Grinder hits you.
You writhe in agony.
Grinder hits you!
* * * LOW HITPOINT WARNING * * *
You writhe in agony.
* * * LOW HITPOINT WARNING * * *
Grinder hits you.
You die...

# # # # ##########.#
#######
.........#.####....((
#####..............)
###..#####....##
#..####...5..##
#..#......@...###
#..#.##...<.....#
#..#.###....###.#
#..#.# ##.#.#
######(.#.#
#...###.#.#
#.......#.#
##........#
#..>####.#.#
#.########
..#........# #...
#........### #(..#


You could see Grinder.

Vanquished Creatures
  3 adders (D:2)
  An inept feature mimic (D:2)
  A worm (D:2)
  A ball python (D:2)
  7 bats
  A giant cockroach (D:2)
  4 goblins (D:2)
  5 hobgoblins
  A kobold (D:1)
  A quokka (D:3)
  A giant newt (D:2)
  7 rats
33 creatures vanquished.

Notes
Turn   | Place    | Note
--------------------------------------------------------------
     0 | D:1      | Lilouch, the Deep Elf Fire Elementalist, began the quest for the Orb.
     0 | D:1      | Reached XP level 1. HP: 10/10 MP: 4/4
   812 | D:1      | Reached XP level 2. HP: 15/15 MP: 3/6
  1209 | D:2      | Reached XP level 3. HP: 17/19 MP: 9/9
  1309 | D:2      | Reached skill level 4 in Fire Magic
  1710 | D:2      | Reached skill level 1 in Armour
  1748 | D:2      | Reached XP level 4. HP: 24/24 MP: 10/12
  1982 | D:3      | Noticed Grinder
  2163 | D:3      | Paralysed by Grinder for 6 turns
  2168 | D:3      | Slain by Grinder

Action                   |  1- 3 |  4- 6 || total
-------------------------+-------+-------++-------
Melee: Whip              |     8 |     1 ||     9
       Unarmed           |     1 |       ||     1
Throw: Javelin           |    35 |    13 ||    48
       Dart              |     4 |       ||     4
       Spear             |       |     1 ||     1
 Cast: Flame Tongue      |    34 |    11 ||    45
  Use: Scroll            |     1 |       ||     1
